 Dungeon Crawl Stone Soup version 0.31-a0-704-g1016066182 (webtiles) character file.

Game seed: 10090628897613539021

14 CrazyBamboolord the Changeling (level 2, 0/21 HPs)
             Began as a Merfolk Shapeshifter on Sept 9, 2023.
             Succumbed to an adder's poison
             ... on level 1 of the Dungeon.
             The game lasted 00:01:36 (798 turns).

CrazyBamboolord the Changeling (MfSh)                Turns: 798, Time: 00:01:37

Health: 0/21       AC:  2    Str: 14    XL:     2   Next: 41%
Magic:  2/2        EV: 12    Int:  9    God:
Gold:   79         SH:  0    Dex: 13    Spells: 1/1 levels left

rFire   . .          .
                       - Unarmed
rCold   . . .        (no shield)
rNeg    . . .        a - +0 animal skin
rPois   .            j - melded +2 hat
rElec   .            (cloak currently unavailable)
rCorr   .            (gloves currently unavailable)
SInv    .            (boots currently unavailable)
Will    .....        (no amulet)
Stlth   +            (no ring)
HPRegen 0.23/turn    (no ring)
MPRegen 0.08/turn

%: no passive effects
@: lethally poisoned (0 -> -10), beast-form
A: beast (slay +2), (nimble swimmer 2), mertail
a: Begin Untransformation


You were on level 1 of the Dungeon.
You were a hulking beast.
You visited 1 branch of the dungeon, and saw 2 of its levels.

You collected 79 gold pieces.

Inventory:

Armour
 a - a +0 animal skin (worn)
 j - a +2 hat (melded)
Talismans
 c - a beast talisman (active)
 d - a flux talisman
Scrolls
 f - a scroll of enchant weapon {unknown}
 h - a scroll of fog {unknown}
 i - a scroll of poison {unknown}
Potions
 b - a potion of lignification
 e - 2 potions of degeneration {unknown}
 g - a potion of berserk rage {unknown}


   Skills:
 - Level 1.1 Fighting
 - Level 2.6 Dodging
 - Level 3.2 Unarmed Combat
 + Level 4.9 Shapeshifting


You had one spell level left.
You didn't know any spells.
Your spell library was empty.

Dungeon Overview and Level Annotations

Branches:
Dungeon (2/15)

Altars:


Innate Abilities, Weirdness & Mutations

You are a hulking beast.
Your limbs bulge with bestial killing power. (Slay +2)
((You are very nimble when in or above water. (Stealth+, EV+, Speed+++)))
Your lower body shifts to a powerful aquatic tail in water.


Message History

There is a stone staircase leading up here.
A hobgoblin comes into view.
The hobgoblin shouts!
A kobold comes into view. It is wielding a +0 club.
The kobold shouts!
The adder hisses angrily.
You hear a shout! x3
You hit the kobold.
You kill the kobold!
You hit the adder.
The adder is heavily wounded.
The adder completely misses you. The adder bites you but does no damage.
You miss the adder.
The adder is heavily wounded.
The adder bites you.
You miss the adder.
The adder is heavily wounded.
The adder closely misses you.
You miss the adder.
The adder is heavily wounded.
The adder bites you.
An orc comes into view. It is wielding a +0 club.
You miss the adder.
The adder is heavily wounded.
The adder bites you.
A goblin comes into view. It is wielding a +0 club.
The adder barely misses you.
You closely miss the adder.
The adder is heavily wounded.
The hobgoblin hits you. The adder bites you.
You are poisoned.
The adder poisons you!
You feel sick. The adder attacks as it pursues you!
The adder closely misses you.
You feel sick.
There is a stone staircase leading up here.
You feel sick. The adder barely misses you. The adder bites you.
* * * LOW HITPOINT WARNING * * *
You are more poisoned.
The adder poisons you!
You climb upwards.
You die...

#....'...###'#####
#..###............
#..###............
#######.................
#.............#.........
###...........+.........
#.........###.........
#....S....###.........
#....h....'...........
#.........#...#######.
#.........#...# #.
######'####...# #.
#.......# #...# #.
#.##.#.## #...# ##
#######.##.#.####...#
#...............'...#
##########.#.####...#####


You could see an adder.

Vanquished Creatures
  3 endoplasms (D:1)
  A giant cockroach (D:1)
  3 goblins (D:1)
  A hobgoblin (D:1)
  A ball python (D:1)
  A kobold (D:2)
  2 rats (D:1)
12 creatures vanquished.

Notes
Turn   | Place    | Note
-------+----------+-------------------------------------------
     0 | D:1      | CrazyBamboolord the Merfolk Shapeshifter began the quest
                  | for the Orb.
     0 | D:1      | Reached XP level 1. HP: 15/15 MP: 1/1
   122 | D:1      | Reached XP level 2. HP: 21/21 MP: 2/2
   798 | D:1      | Succumbed to an adder's poison

Illustrated notes

Levels and vault maps discovered:
D:1:      dpeg_arrival_simpleton_a, layout_basic
D:2:      layout_rooms, serial_shops, shop, kennysheep_generic_room_9

Action                     || total
---------------------------++-------
  Melee: Unarmed           ||    29
 Armour: Animal skin       ||    15
  Dodge: Dodged            ||    15
         Form:             ||     1
         Beast             ||     1

Table legend: (Time is in decaauts)
 A = Elapsed time spent in this place.
 B = Non-inter-level travel time spent in this place.
 C = Inter-level travel time spent in this place.
 D = Time resting spent in this place.
 E = Time spent auto-exploring this place.
 F = Levels seen in this place.
 G = Mean time per level.
                   A        B        C        D        E       F      G
               +--------+--------+--------+--------+--------+-----+--------+
         Total |    795 |    705 |     90 |      0 |    613 |   2 |  397.5 |
       Dungeon |    795 |    705 |     90 |      0 |    613 |   2 |  397.5 |
               +--------+--------+--------+--------+--------+-----+--------+

Top non-repeatable levels by time:
     D:1: 783 daAuts
     D:2: 12 daAuts
